 Dungeon Crawl Stone Soup version 0.23.2-30-g0e89c35649 (webtiles) character file.

Game seed: 10027513765819995834

150 Mrkan the Cudgeler (level 5, -6/34 HPs)
             Began as a Gargoyle Monk on June 24, 2019.
             Killed by divine providence
             ... invoked by an orc priest
              (16 damage)
             ... on level 3 of the Dungeon.
             The game lasted 00:04:17 (1869 turns).

Mrkan the Cudgeler (Gargoyle Monk)                  Turns: 1869, Time: 00:04:18

Health: -6/34      AC: 16    Str: 16    XL:     5   Next: 32%
Magic:  5/5        EV:  8    Int: 10    God:
Gold:   106        SH:  7    Dex: 12    Spells: 4/4 levels left

rFire    + . .     SeeInvis .   o - +2 flail (protect)
rCold    + . .     Gourm    .   m - +0 shield
rNeg     + . .     Faith    .   f - +0 ring mail
rPois    ∞         Spirit   .   (no helmet)
rElec    +         Reflect  .   j - scarf {rC+ rF+}
rCorr    .         Harm     .   (no gloves)
MR       .....                  (no boots)
Stlth    +.........             (no amulet)
HPRegen  0.11/turn              (no ring)
MPRegen  0.09/turn              (no ring)

@: protection aura
A: negative energy resistance 1, electricity resistance, unbreathing,
petrification resistance, rot immunity, AC +4
a: no special abilities


You were on level 3 of the Dungeon.
You were not hungry.

You visited 1 branch of the dungeon, and saw 3 of its levels.

You collected 106 gold pieces.

Inventory:

Hand Weapons
 o - a +2 flail of protection (weapon)
Armour
 f - a +0 ring mail (worn)
 j - a scarf of resistance (worn)
 m - a +0 shield (worn)
Scrolls
 a - 2 scrolls of teleportation {unknown}
 d - 3 scrolls of remove curse
 g - 3 scrolls of identify {unknown}
 i - a scroll of amnesia {unknown}
 l - a scroll of noise {unknown}
 p - 3 scrolls of enchant weapon {unknown}
Potions
 b - a potion of lignification {unknown}
 e - 2 potions of curing
 h - a potion of cancellation {unknown}
 k - a potion of berserk rage {unknown}
Comestibles
 c - 8 rations
 n - 8 chunks of flesh


   Skills:
 + Level 4.5 Fighting
 * Level 5.1 Maces & Flails
 - Level 2.4 Dodging
 - Level 2.1 Stealth


You had 4 spell levels left.
You didn't know any spells.
Your spell library was empty.

Dungeon Overview and Level Annotations

Branches:
Dungeon (3/15)

Altars:
Xom


Innate Abilities, Weirdness & Mutations

You are resistant to torment.
Your stone body is resilient. (AC +4)
You are immune to poison.
You resist negative energy. (rN+)
You are resistant to electric shocks. (rElec)
You can survive without breathing.
You are immune to petrification.
You are immune to rotting.


Message History

The orc hits you but does no damage. x2
The jackal bites you but does no damage. x2
The jackal bites you but does no damage.
An orc comes into view. It is wielding a +0 hand axe.
The orc shouts!
The jackal bites you.
* * * LOW HITPOINT WARNING * * *
You feel better. The jackal completely misses you.
You sock the jackal!
Your weapon exudes an aura of protection.
You kill the jackal!
The orc priest mumbles some strange prayers to Beogh against you.
Beogh smites you!
* * * LOW HITPOINT WARNING * * *
The jackal bites you but does no damage.
You feel better. You block the jackal's attack. The jackal closely misses you.
The orc priest begins to cast a cantrip, but forgets the words!
The orc priest invokes the aid of Beogh against you.
Beogh smites you!
You die...

..............##
.........####..##
.........# ... .........#
##.# ........†###..#
..........)..# #
#.###.#.###### ... ..
#.#)# ########.....
..#.#.#(####oo†h@o...#
.......(..ro.######.##
..#.#.#.#(o########.#
..........o.r.....##
#.#.#.#...o/.#[.......
.............#.#...#...
..#>#.#.#....#._.#....#.
.#######.###..#.#...###>##
.....$....#.........#


You could see 2 orc priests, 2 orcs, a jackal and a rat.

Vanquished Creatures
  An orc priest (D:3)
  5 adders
  An ooze (D:1)
  2 worms (D:2)
  2 dart slugs
  A leopard gecko (D:3)
  4 orcs (D:3)
  A ball python (D:3)
  6 giant cockroaches
  4 goblins
  3 hobgoblins
  7 jackals (D:3)
  8 kobolds
  8 bats
  4 rats
57 creatures vanquished.

Notes
Turn   | Place    | Note
-------+----------+-------------------------------------------
     0 | D:1      | Mrkan the Gargoyle Monk began the quest for the Orb.
     0 | D:1      | Reached XP level 1. HP: 14/14 MP: 1/1
    71 | D:1      | Reached XP level 2. HP: 13/19 MP: 2/2
   651 | D:2      | Reached XP level 3. HP: 14/24 MP: 3/3
   788 | D:2      | Reached skill level 4 in Maces & Flails
  1139 | D:2      | Reached XP level 4. HP: 29/29 MP: 4/4
  1655 | D:3      | Found a shimmering altar of Xom.
  1730 | D:3      | Found a faded altar of an unknown god.
  1762 | D:3      | Reached XP level 5. HP: 34/34 MP: 5/5
  1780 | D:3      | Reached skill level 5 in Maces & Flails
  1869 | D:3      | Killed from afar by an orc priest

Skill      XL: |  1  2  3  4  5 |
---------------+----------------+-----
Maces & Flails | 4 5 |  5.1
Fighting       | 4 |  4.5
Dodging        | |  2.4
Stealth        | |  2.1

Action                   |  1- 3 |  4- 6 || total
-------------------------+-------+-------++-------
Melee: Mace              |    88 |    40 ||   128
       Flail             |       |    63 ||    63
  Use: Scroll            |     1 |       ||     1
       Potion            |       |     3 ||     3
  Eat: Chunk             |     1 |       ||     1
       Ration            |       |     1 ||     1
Armor: Ring mail         |    52 |    75 ||   127
Dodge: Dodged            |    69 |    48 ||   117
Block: Shield            |       |    49 ||    49
